Map: Port Aleksander LE

Players

scarlett - Winner!

  • Race: Zerg Zerg
  • League: Master
  • Spawn Location: 5:00

Cham

  • Race: Zerg Zerg
  • League: Master
  • Spawn Location: 11:00

Event: 2019 WCS Winter Americas

VOD

Have the link to the VOD?

Description

Time

  • Played on: March 24, 2019, 2:27 p.m.
  • Length: 10:20

All games in this series

Show
View Real Time Build Order
Export as new Build Order

scarlett Zerg - Winner!

Build Orders: Hatch First, Roach Hydra 

Get SALT Encoding   

  12  0:01  Drone  
  13  0:12  Overlord  
  13  0:18  Drone  
  14  0:31  Drone x2  
  16  0:48  Hatchery  
  15  0:52  Drone  
  15  0:56  Drone  
  17  1:00  Drone  
  18  1:10  Extractor  
  17  1:15  Spawning Pool  
  17  1:18  Drone  
  17  1:21  Drone  
  18  1:29  Drone  
  19  1:39  Drone  
  20  1:50  Drone  
  21  2:00  Drone, Overlord  
  22  2:01  Queen  
  22  2:02  Queen  
  26  2:10  Metabolic Boost  
  26  2:15  Drone x2  
  28  2:22  Drone x2  
  30  2:32  Drone  
  30  2:33  Drone  
  32  2:44  Hatchery  
  32  2:47  Drone x2  
  32  2:51  Evolution Chamber  
  32  2:52  Baneling Nest  
  32  2:54  Overlord  
  32  2:57  Zergling x2  
  33  3:05  Drone  
  34  3:06  Zergling x2  
  34  3:12  Drone x5  
  40  3:14  Drone  
  40  3:19  Overlord  
  41  3:24  Drone  
  42  3:30  Evolution Chamber  
  42  3:31  Drone x2  
  43  3:37  Extractor  
  43  3:39  Overlord, Baneling x2  
  42  3:42  Drone x4  
  42  3:44  Drone  
  49  3:49  Queen  
  49  3:55  Drone x3  
  52  4:00  Zergling x4  
  52  4:02  Zerg Missile Weapons Level 1  
  54  4:06  Zergling x2  
  55  4:13  Drone x6  
  61  4:17  Lair  
  61  4:29  Roach Warren  
  61  4:30  Extractor  
  59  4:33  Drone x7  
  66  4:40  Overlord x2  
  65  4:46  Extractor, Overlord x2  
  65  4:50  Drone  
  65  4:55  Overlord  
  65  4:59  Drone x5  
  70  5:02  Pneumatized Carapace  
  70  5:05  Drone x3  
  73  5:09  Extractor  
  73  5:10  Extractor  
  73  5:12  Roach x3  
  77  5:20  Roach x2  
  77  5:21  Overseer  
  81  5:22  Overseer  
  81  5:26  Drone x5  
  81  5:27  Drone x2, Glial Reconstitution  
  87  5:48  Hatchery, Roach  
  87  5:49  Roach x4  
  94  5:54  Overlord  
  94  5:55  Overlord  
  94  5:59  Roach x6  
  94  6:00  Zerg Missile Weapons Level 2  
  94  6:01  Overlord  
  94  6:03  Evolution Chamber  
  105  6:13  Overlord x2  
  105  6:18  Hydralisk Den, Drone  
  105  6:22  Roach  
  105  6:23  Roach x4  
  115  6:35  Zerg Ground Armor Level 1  
  115  6:36  Drone  
  115  6:37  Drone  
  117  6:47  Hydralisk  
  117  6:48  Muscular Augments, Hydralisk x7  
  117  6:51  Spore Crawler  
  132  7:03  Hydralisk x5  
  132  7:06  Overlord x3  
  142  7:08  Spore Crawler  
  142  7:09  Overlord  
  142  7:11  Drone  
  142  7:22  Nydus Network  
  142  7:25  Hydralisk x2  
  142  7:26  Roach x5  
  154  7:35  Overlord x2  
  154  7:42  Roach x6  
  166  7:47  Roach x2  
  168  7:58  Spore Crawler  
  167  7:59  Grooved Spines  
  167  8:04  Overlord x4  
  167  8:11  Overlord  
  167  8:12  Roach  
  169  8:21  Overlord x2  
  169  8:23  Roach x8  
  185  8:31  Roach x5  
  185  8:33  Ravager x2  
  197  8:37  Nydus Canal  
  197  8:39  Roach x2  
  199  8:46  Roach  
  179  9:07  Roach x8  
  173  9:11  Roach x3  
  173  9:13  Hatchery  
  173  9:20  Roach x3  
  157  9:41  Roach x4  
  150  9:47  Roach  
  150  9:50  Roach x2  
Show
View Real Time Build Order
Export as new Build Order

Cham Zerg 

Build Orders: Hatch First 

Get SALT Encoding   

  12  0:00  Drone  
  13  0:08  Drone  
  14  0:17  Overlord  
  14  0:36  Drone x2  
  16  0:49  Hatchery  
  15  0:53  Drone  
  15  0:56  Drone  
  17  1:00  Drone  
  18  1:11  Extractor  
  18  1:15  Spawning Pool  
  16  1:19  Drone  
  16  1:24  Drone  
  18  1:30  Drone  
  19  1:42  Overlord  
  19  1:58  Drone  
  20  2:02  Queen x2  
  24  2:10  Drone x2  
  24  2:15  Metabolic Boost  
  26  2:17  Drone  
  26  2:18  Drone  
  28  2:23  Drone x2  
  30  2:39  Hatchery  
  30  2:41  Drone  
  30  2:49  Drone, Zergling x2  
  32  2:52  Baneling Nest  
  32  2:54  Overlord  
  31  3:01  Drone, Overlord  
  32  3:07  Zergling x4  
  32  3:10  Drone  
  35  3:13  Zergling x2  
  35  3:14  Drone  
  35  3:16  Drone  
  35  3:19  Drone  
  39  3:20  Zergling x2  
  39  3:24  Overlord  
  39  3:26  Zergling x2  
  41  3:29  Drone  
  41  3:34  Drone  
  43  3:42  Drone x2  
  43  3:43  Drone x4  
  43  3:44  Drone  
  50  3:49  Queen  
  52  3:56  Drone x3  
  55  4:04  Overlord  
  55  4:05  Roach Warren  
  55  4:08  Drone x2  
  56  4:10  Drone  
  56  4:12  Drone  
  56  4:15  Drone x2  
  56  4:16  Drone  
  61  4:19  Drone x2  
  61  4:23  Lair  
  63  4:25  Drone  
  63  4:27  Drone x2  
  63  4:29  Drone  
  66  4:34  Extractor x2  
  66  4:35  Overlord  
  66  4:36  Drone  
  66  4:37  Extractor, Drone  
  65  4:39  Extractor  
  65  4:43  Drone  
  65  4:45  Overlord  
  65  4:46  Extractor, Overlord  
  65  4:47  Zergling x2  
  65  4:48  Drone, Baneling x2  
  65  4:49  Drone  
  65  4:50  Drone  
  68  4:54  Drone  
  68  4:56  Drone  
  68  4:57  Drone  
  71  5:02  Drone  
  71  5:04  Overlord  
  71  5:06  Drone x3  
  75  5:10  Overlord  
  75  5:11  Drone  
  76  5:15  Drone  
  76  5:16  Drone  
  78  5:23  Drone, Hatchery  
  78  5:24  Spire, Glial Reconstitution  
  78  5:25  Overlord  
  77  5:30  Evolution Chamber  
  77  5:31  Drone, Overlord  
  77  5:34  Roach  
  79  5:36  Roach  
  79  5:39  Overlord  
  79  5:43  Roach x2  
  79  5:47  Roach x2  
  79  5:48  Roach  
  79  5:49  Overlord  
  86  5:53  Roach  
  86  5:54  Roach  
  86  5:56  Zerg Missile Weapons Level 1  
  90  6:00  Overlord  
  90  6:03  Overlord  
  90  6:04  Roach x3  
  90  6:10  Overlord  
  96  6:13  Drone  
  96  6:14  Roach  
  96  6:15  Roach x3  
  96  6:18  Overlord  
  105  6:27  Roach x4  
  105  6:28  Roach  
  115  6:35  Mutalisk x4  
  115  6:37  Mutalisk  
  115  6:38  Mutalisk  
  127  6:40  Mutalisk  
  127  6:44  Mutalisk  
  131  6:48  Overlord  
  131  6:49  Drone x2  
  131  6:50  Drone x2  
  131  6:51  Mutalisk  
  136  7:02  Mutalisk x2  
  136  7:08  Extractor, Mutalisk  
  139  7:10  Drone  
  139  7:11  Drone x2, Overlord x2  
  139  7:12  Overlord x2  
  144  7:20  Roach x2  
  146  7:30  Drone x2  
  146  7:31  Mutalisk x2  
  146  7:33  Mutalisk  
  146  7:34  Roach x2  
  146  7:36  Roach  
  160  7:38  Overlord  
  160  7:40  Roach x3  
  166  7:44  Roach x3  
  168  7:59  Ravager  
  169  8:06  Ravager  
  169  8:07  Ravager x4  
  169  8:09  Zergling x22  
  169  8:10  Roach x2  
  189  8:14  Overlord  
  189  8:16  Roach  
  189  8:18  Overlord, Roach  
  189  8:19  Roach x2  
  197  8:20  Roach  
  197  8:28  Extractor  
  197  8:29  Roach x2  
  198  8:45  Roach x2  
  189  8:49  Roach x5  
  197  9:02  Roach x2  
  184  9:04  Roach  
  184  9:05  Roach x9  
  165  9:11  Roach x2  
  165  9:14  Roach x2  
  165  9:16  Roach x2  
  160  9:19  Roach  
  161  9:24  Roach x2  
  161  9:27  Spine Crawler  
  161  9:28  Spine Crawler  
  161  9:29  Roach  
  161  9:30  Spine Crawler x2  
  145  9:32  Roach x2  
  145  9:34  Ravager x5  
  125  9:41  Roach x2  
  76  9:46  Roach  
  76  9:48  Roach  
  76  9:49  Roach  
  76  9:51  Roach  
Tags
 
Add a new tag
Caveats
  • Supply blocks, unpowered buildings, or Contaminate may cause inaccurate times.
  • Supply counts are checked every 10 seconds.